Map: Winter's Gate LE

Players

BorderPatrol

  • Race: Terran Terran
  • Spawn Location: 5:00

pHARM - Winner!

  • Race: Zerg Zerg
  • League: Platinum
  • Spawn Location: 11:00

VOD

Have the link to the VOD?

Description

Time

  • Played on: Aug. 25, 2019, 4:20 p.m.
  • Length: 6:34
Show
View Real Time Build Order
Export as new Build Order

BorderPatrol Terran 

Build Orders:  

Get SALT Encoding   

  12  0:03  SCV  
  13  0:15  SCV  
  14  0:28  Supply Depot  
  14  0:29  SCV  
  15  0:50  SCV  
  15  0:51  Barracks  
  15  0:54  Barracks  
  16  1:01  Refinery  
  16  1:03  SCV  
  17  1:29  SCV  
  18  1:38  Marine  
  19  1:41  Marine, SCV  
  19  1:42  Supply Depot  
  21  1:52  Refinery  
  21  1:53  SCV  
  22  2:02  Marine  
  22  2:03  Marine  
  22  2:05  SCV  
  22  2:08  Supply Depot  
  25  2:19  Orbital Command  
  25  2:22  Marine x2  
  27  2:32  Factory  
  27  2:40  Marine, Barracks Tech Lab  
  28  2:45  SCV  
  28  3:05  Stimpack  
  28  3:07  Marine, Marauder  
  31  3:17  SCV  
  31  3:19  Hellion  
  34  3:25  Marine  
  35  3:29  Marauder  
  37  3:38  Supply Depot  
  37  3:41  Hellion  
  39  3:59  Marine, Marauder  
  39  4:01  Command Center  
  42  4:39  Factory Tech Lab  
  42  4:43  Barracks Reactor  
  34  5:16  Siege Tank  
  37  5:21  SCV  
  37  5:27  Bunker  
  38  5:33  SCV  
  39  5:45  SCV  
  39  5:48  Siege Tank  
  42  5:57  SCV  
  34  6:10  SCV  
Show
View Real Time Build Order
Export as new Build Order

pHARM Zerg - Winner!

Build Orders: Hatch First 

Get SALT Encoding   

  12  0:01  Drone  
  13  0:16  Overlord  
  13  0:23  Drone  
  14  0:34  Drone  
  14  0:35  Drone  
  16  0:43  Drone  
  17  0:54  Hatchery  
  16  0:58  Drone  
  16  1:01  Drone  
  18  1:12  Drone  
  19  1:22  Drone  
  20  1:26  Spawning Pool  
  20  1:32  Drone  
  20  1:43  Overlord  
  20  1:51  Extractor  
  19  1:58  Drone  
  21  2:08  Drone x2  
  21  2:13  Queen x2  
  26  2:16  Zergling x2  
  28  2:22  Zergling x2  
  28  2:26  Drone  
  29  2:38  Drone x2  
  29  2:43  Drone  
  32  2:51  Lair  
  32  2:52  Queen  
  32  2:57  Drone  
  32  2:58  Drone  
  36  2:59  Overlord  
  36  3:14  Overlord  
  36  3:15  Overlord  
  36  3:25  Drone  
  36  3:26  Drone x4  
  41  3:30  Extractor  
  40  3:34  Metabolic Boost  
  40  3:51  Drone x3  
  40  3:52  Drone x3  
  46  4:04  Zergling x10  
  51  4:15  Nydus Network  
  50  4:23  Zergling x10  
  55  4:33  Queen x2  
  59  4:40  Spine Crawler  
  59  4:42  Zergling x2  
  59  4:43  Zergling x2  
  59  4:44  Overlord x3  
  57  5:02  Zergling x2  
  57  5:03  Zergling x14  
  63  5:08  Queen x2  
  66  5:29  Nydus Canal  
  66  5:30  Zergling x4  
  66  5:31  Zergling x4  
  70  5:49  Hatchery  
Tags
 
League
Platinum
Matchup
TvZ
Replay Pack
10.7.19
Spawn Locations
Cross Positions
Add a new tag
Caveats
  • Supply blocks, unpowered buildings, or Contaminate may cause inaccurate times.
  • Supply counts are checked every 10 seconds.